 Dungeon Crawl Stone Soup version 0.16.2-12-gd0ad4c3 (webtiles) character file.

3325 faibistes the Thaumaturge (level 9, -3/50 HPs)
             Began as a Deep Elf Wizard on Mar 21, 2019.
             Was a Priest of Sif Muna.
             Killed by divine providence
             ... invoked by an orc priest
              (16 damage)
             ... on level 7 of the Dungeon on Mar 22, 2019.
             The game lasted 00:40:11 (9977 turns).

faibistes the Thaumaturge (Deep Elf Wizard)         Turns: 9977, Time: 00:40:11

Health: -3/50      AC:  5    Str:  4    XL:     9   Next: 71%
Magic:  22/30      EV: 15    Int: 27    God:    Sif Muna [***...]
Gold:   382        SH:  0    Dex: 13    Spells: 7 memorised, 12 levels left

rFire  + . .     SeeInvis +     u - +3 rapier (freeze)
rCold  x . .     Clarity  .     a - +0 robe
rNeg   . . .     SustAb   .     (no shield)
rPois  +         Gourm    .     b - +0 hat
rElec  .         Spirit   .     x - +1 cloak {rPois}
rCorr  .         Warding  .     K - +0 pair of gloves
rMut   .         Stasis   .     (no boots)
MR     .....                    (no amulet)
Stlth  ++........               F - ring of see invisible
                                f - ring of fire

@: very slightly contaminated, repel missiles, not resistant to hostile
enchantments, unstealthy
A: no striking features
a: Channel Energy, Forget Spell, Renounce Religion


You were on level 7 of the Dungeon.
You worshipped Sif Muna.
Sif Muna was most pleased with you.
You were hungry.

You visited 2 branches of the dungeon, and saw 9 of its levels.
You also visited: Sewer.

You collected 382 gold pieces.

Inventory:

Hand weapons
 h - a +0 club
 l - a +0 short sword
 u - a +3 rapier of freezing (weapon)
 v - a +2 dagger of draining
Armour
 a - a +0 robe (worn)
 b - a +0 hat (worn)
 x - a +1 cloak of poison resistance (worn)
 K - a +0 pair of gloves (worn)
Jewellery
 f - a ring of fire (left hand)
 F - a ring of see invisible (right hand)
Magical devices
 y - a wand of enslavement (3)
 D - a wand of teleportation (5)
 H - a wand of polymorph (10)
 I - a wand of confusion (28)
 M - a wand of confusion (16)
 O - a wand of hasting (7)
Scrolls
 j - 10 scrolls of teleportation
 s - a scroll of remove curse
 A - 2 scrolls of fear
 C - 3 scrolls of magic mapping
Potions
 e - 5 potions of curing
 g - 2 potions of cancellation
 i - 4 potions of might
 k - 2 potions of restore abilities {unknown}
 m - a potion of resistance {unknown}
 n - 5 potions of heal wounds {unknown}
 t - a potion of poison {unknown}
 w - a potion of flight {unknown}
 z - a potion of berserk rage {unknown}
 B - a potion of magic {unknown}
 E - 3 potions of haste {unknown}
 G - a potion of cure mutation {unknown}
 J - a potion of agility {unknown}
 N - a potion of beneficial mutation {unknown}
Books
 c - a book of Minor Magic

   Spells                             Type                      Level
   a - Magic Dart                     Conjuration                  1
   b - Blink                          Translocation                2
   c - Call Imp                       Summoning                    2
   d - Repel Missiles                 Charms/Air                   2
   e - Slow                           Hexes                        2
   f - Conjure Flame                  Conjuration/Fire             3
   g - Mephitic Cloud                 Conjuration/Poison/Air       3
 q - a book of Changes

   Spells                             Type                      Level
   a - Beastly Appendage              Transmutation                1
   b - Sticks to Snakes               Transmutation                2
   c - Spider Form                    Transmutation/Poison         3
   d - Ice Form                       Ice/Transmutation            4
   e - Blade Hands                    Transmutation                5
 r - a book of Summonings

   Spells                             Type                      Level
   a - Abjuration                     Summoning                    3
   b - Recall                         Summoning/Translocation      3
   c - Shadow Creatures               Summoning                    5
   d - Summon Demon                   Summoning                    5
   e - Summon Forest                  Summoning/Translocation      5
   f - Monstrous Menagerie            Summoning                    6
Comestibles
 d - 3 bread rations
 o - 3 meat rations
 p - 6 fruits
 L - a beef jerky


   Skills:
 + Level 3.1 Fighting
 + Level 6.6 Dodging
 - Level 2.4 Stealth
 * Level 10.2 Spellcasting
 + Level 6.2 Conjurations
 + Level 1.5 Charms
 * Level 2.1 Summonings
 + Level 2.5 Translocations
 * Level 0.9 Transmutations
 * Level 3.8 Fire Magic
 - Level 4.0 Air Magic
 - Level 2.9 Poison Magic
 * Level 1.9 Invocations
 + Level 2.7 Evocations


You had 12 spell levels left.
You knew the following spells:

 Your Spells              Type           Power        Failure   Level  Hunger
a - Magic Dart            Conj           ####         1%          1    None
b - Conjure Flame         Conj/Fire      ######..     1%          3    None
c - Call Imp              Summ           ####....     2%          2    None
d - Blink                 Tloc           N/A          1%          2    None
e - Mephitic Cloud        Conj/Pois/Air  #####...     1%          3    None
f - Repel Missiles        Chrm/Air       ####..       1%          2    None
g - Spider Form           Trmt/Pois      ###.......   6%          3    None


Dungeon Overview and Level Annotations

Branches:
Dungeon (8/15)             Temple (1/1) D:5
   Lair: D:8-11

Altars:
Ashenzari
Cheibriados
Dithmenos
Elyvilon
Fedhas
Gozag
Kikubaaqudgha
Makhleb
Nemelex Xobeh
Qazlal
Ru
Sif Muna
Trog
Vehumet
Xom
Yredelemnul
Zin
The Shining One


Message History

Aiming: Mephitic Cloud
Press: ? - help, Shift-Dir - straight line, f - orc
Aim: an orc, wielding a short sword The ball explodes into a vile cloud!
The stinking cloud engulfs the orc.
The stinking cloud engulfs the orc.
The orc priest mumbles some strange prayers to Beogh.
You feel troubled.
The orc is engulfed in noxious fumes.
The orc appears confused.
The orc is engulfed in noxious fumes.
The orc appears confused.
The orc barely misses the orc.
The orc is engulfed in noxious fumes.
The orc appears confused.
The orc priest mumbles some strange prayers to Beogh against you.
Something smites you!
* * * LOW HITPOINT WARNING * * *
The orc is engulfed in noxious fumes.
The orc appears confused.
You kill the orc!
The orc is engulfed in noxious fumes.
The orc appears confused.
You barely miss the orc.
The orc priest calls down the wrath of Beogh upon you.
Something smites you!
You die...

.##....##.#.# #.#.#
.......##.#.# #...# #
#.#....##.#.###########.#
......##.#.............##
..##.#######.........
#......... .####
#.........
#......##.........
#..§§§.o@......>..
...oo.§########## .....
.###


You could see an orc priest and 2 orcs.

Vanquished Creatures
  Pikel (D:5)
  A hippogriff (D:7)
  A hungry ghost (D:5)
  Edmund (D:5)
  2 ice beasts
  An orc warrior (D:5)
  A centaur (D:7)
  3 slaves (D:5)
  An ogre (D:3)
  2 phantoms (D:5)
  A sky beast (D:6)
  Sigmund (D:5)
  Duvessa (D:6)
  4 giant frogs
  A wyvern skeleton (D:7)
  13 jellies (D:6)
  4 scorpions
  The ghost of faibistes the Magician, a weakling DEWz (D:3)
  Dowan (D:6)
  An orc priest (D:5)
  3 hounds
  A centaur zombie (D:6)
  3 orc wizards
  Natasha (thrice) (D:6)
  3 worker ants
  Ijyb (D:7)
  2 worker ant zombies
  3 gnolls (D:3)
  6 river rats (Sewer)
  12 adders
  3 giant mites
  4 worms
  8 giant geckos
  2 oozes
  15 orcs
  2 bat skeletons (D:7)
  A bat zombie (D:6)
  4 giant cockroaches
  13 goblins
  10 hobgoblins
  15 jackals
  9 kobolds
  3 quokkas
  16 ball pythons
  17 bats
  A giant cockroach zombie (D:5)
  A giant gecko zombie (D:5)
  4 giant newts
  37 rats
  7 ballistomycetes (D:7)
251 creatures vanquished.

Vanquished Creatures (collateral kills)
  A crimson imp (D:5)
  A gnoll (D:1)
  3 adders
  2 goblins (D:2)
  2 hobgoblins
  2 jackals (D:2)
  A kobold (D:1)
  A rat (D:5)
13 creatures vanquished.

Vanquished Creatures (others)
  A shadow imp (D:1)
  A white imp (D:4)
  A giant spore (D:7)
3 creatures vanquished.

Grand Total: 267 creatures vanquished

Notes
Turn   | Place    | Note
--------------------------------------------------------------
     0 | D:1      | faibistes, the Deep Elf Wizard, began the quest for the Orb.
     0 | D:1      | Reached XP level 1. HP: 10/10 MP: 6/6
   661 | D:1      | Reached XP level 2. HP: 15/15 MP: 6/9
   690 | D:1      | Learned a level 2 spell: Blink
   693 | D:1      | Learned a level 2 spell: Call Imp
   934 | D:1      | Reached skill level 5 in Spellcasting
  1053 | D:1      | Reached XP level 3. HP: 19/19 MP: 3/14
  1058 | D:1      | Learned a level 3 spell: Conjure Flame
  1062 | D:1      | Learned a level 3 spell: Mephitic Cloud
  1823 | D:3      | Found a sparkling altar of Nemelex Xobeh.
  2168 | D:2      | Found a shattered altar of Ashenzari.
  2201 | D:2      | Reached XP level 4. HP: 24/24 MP: 4/17
  2208 | D:2      | Learned a level 2 spell: Repel Missiles
  3224 | D:5      | Entered Level 5 of the Dungeon
  3401 | D:4      | Noticed an ogre
  3415 | D:3      | Killed an ogre
  3415 | D:3      | Reached skill level 6 in Spellcasting
  3415 | D:3      | Reached XP level 5. HP: 28/28 MP: 6/20
  3521 | D:3      | Noticed faibistes' ghost (weakling DEWz)
  3561 | D:3      | Killed faibistes' ghost
  4147 | D:4      | Reached XP level 6. HP: 32/32 MP: 18/22
  4786 | D:4      | Found a burning altar of Makhleb.
  4790 | D:4      | Reached skill level 7 in Spellcasting
  5086 | D:6      | Noticed Natasha
  5101 | D:6      | Killed Natasha
  5101 | D:6      | Reached skill level 1 in Fighting
  5148 | D:6      | Found a glowing drain.
  5163 | D:6      | Noticed Dowan
  5166 | D:6      | Noticed Duvessa
  5176 | Sewer    | Entered a sewer
  5452 | Sewer    | Reached XP level 7. HP: 38/38 MP: 20/25
  5482 | Sewer    | Reached skill level 1 in Evocations
  6082 | D:6      | Killed Dowan
  6082 | D:6      | Reached skill level 5 in Dodging
  6082 | D:6      | Reached skill level 8 in Spellcasting
  6102 | D:6      | Killed Duvessa
  6230 | D:6      | Noticed Natasha
  6232 | D:6      | Killed Natasha
  6467 | D:5      | Reached XP level 8. HP: 43/45 MP: 11/27
  6613 | D:5      | Found a staircase to the Ecumenical Temple.
  6613 | D:5      | Noticed an ice beast
  6685 | D:5      | Noticed Edmund
  6688 | Temple   | Entered the Ecumenical Temple
  6727 | Temple   | Became a worshipper of Sif Muna the Loreminder
  6800 | D:5      | Killed Edmund
  7015 | D:5      | Killed an ice beast
  7015 | D:5      | Reached skill level 1 in Fire Magic
  7052 | D:5      | Noticed a hungry ghost
  7063 | D:5      | Killed a hungry ghost
  7063 | D:5      | Reached skill level 9 in Spellcasting
  7063 | D:5      | Reached skill level 1 in Air Magic
  7063 | D:5      | Reached skill level 1 in Poison Magic
  7446 | D:5      | Found a sacrificial altar of Ru.
  7514 | D:5      | Noticed a phantom
  7515 | D:5      | Noticed Sigmund
  7527 | D:5      | Killed Sigmund
  7527 | D:5      | Acquired Sif Muna's first power
  7550 | D:5      | Killed a phantom
  7651 | D:5      | Noticed an orc warrior
  7668 | D:5      | Killed an orc warrior
  7668 | D:5      | Reached skill level 5 in Conjurations
  8003 | D:5      | Noticed a slave
  8003 | D:5      | Noticed a slave
  8003 | D:5      | Noticed a slave
  8003 | D:5      | Noticed a slave
  8004 | D:5      | Noticed Pikel
  8015 | D:5      | Killed a slave
  8024 | D:5      | Killed a slave
  8030 | D:5      | Killed a slave
  8030 | D:5      | Killed Pikel
  8030 | D:5      | Acquired Sif Muna's second power
  8030 | D:5      | Reached XP level 9. HP: 49/49 MP: 5/29
  8251 | D:6      | Found a basalt altar of Yredelemnul.
  8594 | D:6      | Found a bloodstained altar of Trog.
  8625 | D:6      | Noticed Natasha
  8632 | D:6      | Killed Natasha
  8782 | D:6      | Reached skill level 10 in Spellcasting
  8970 | D:6      | Found a radiant altar of Vehumet.
  9282 | D:6      | Reached skill level 1 in Charms
  9394 | D:7      | Noticed Ijyb
  9410 | D:7      | Killed Ijyb
  9415 | D:7      | Learned a level 3 spell: Spider Form
  9510 | D:7      | Found Ergher's Magic Scroll Shoppe.
  9533 | D:7      | Reached skill level 1 in Invocations
  9977 | D:7      | Killed from afar by an orc priest

Action                   |  1- 3 |  4- 6 |  7- 9 || total
-------------------------+-------+-------+-------++-------
Melee: Short sword       |     1 |     1 |       ||     2
       Dagger            |       |    23 |       ||    23
       Rapier            |       |     6 |    87 ||    93
 Cast: Magic Dart        |    94 |   169 |   396 ||   659
       Call Imp          |    10 |     4 |       ||    14
       Blink             |     2 |     3 |     6 ||    11
       Mephitic Cloud    |     1 |     7 |    29 ||    37
       Conjure Flame     |       |     8 |    22 ||    30
       Repel Missiles    |       |     2 |       ||     2
Evoke: Wand              |       |       |     1 ||     1
  Use: Scroll            |     2 |     5 |     7 ||    14
 Stab: Sleeping          |       |     1 |     1 ||     2
       Confused          |       |     1 |     6 ||     7
  Eat: Chunk             |     4 |    10 |    13 ||    27
